 Dungeon Crawl Stone Soup version 0.28-a0-802-g09f76e8c00 (webtiles) character file.

Game seed: 16781540103209295458

346 bande the Covered (level 6, -2/39 HPs)
             Began as a Gargoyle Fighter on Nov 7, 2021.
             Slain by a black bear (5 damage)
             ... on level 3 of the Dungeon.
             The game lasted 00:07:28 (5141 turns).

bande the Covered (Gargoyle Fighter)                Turns: 5141, Time: 00:07:28

Health: -2/39      AC: 10    Str: 21    XL:     6   Next: 59%
Magic:  6/6        EV:  7    Int:  8    God:
Gold:   152        SH:  5    Dex: 12    Spells: 5/5 levels left

rFire   . . .      SeeInvis .   a - +0 war axe
rCold   . . .      Faith    .   c - +0 buckler
rNeg    + . .      Spirit   .   i - +0 chain mail
rPois   ∞          Reflect  .   (no helmet)
rElec   +          Harm     .   (no cloak)
rCorr   .          Rampage  .   (no gloves)
Will    .....                   (no boots)
Stlth   ..........              (no amulet)
HPRegen 0.13/turn               (no ring)
MPRegen 0.10/turn               (no ring)

@: no status effects
A: sickness immunity, AC +4, negative energy resistance 1, electricity
resistance, torment resistance 1, petrification resistance, camouflage 1, agile
1, deformed body
a: no special abilities


You were on level 3 of the Dungeon.
You visited 1 branch of the dungeon, and saw 4 of its levels.

You collected 152 gold pieces.

Inventory:

Hand Weapons
 a - a +0 war axe (weapon)
 e - a +0 war axe
 g - a +0 flail
Armour
 c - a +0 buckler (worn)
 i - a +0 chain mail (worn)
 n - a +0 kite shield
Wands
 p - a wand of polymorph (6)
Potions
 d - 2 potions of might
 h - a potion of haste {unknown}
 j - a potion of lignification {unknown}
 k - a potion of brilliance {unknown}
 l - a potion of curing {unknown}
 m - a potion of magic {unknown}
 o - a potion of flight {unknown}


   Skills:
 + Level 4.4 Fighting
 + Level 4.2 Axes
 + Level 4.8 Armour
 + Level 4.2 Shields


You had 5 spell levels left.
You didn't know any spells.
Your spell library contained the following spells:

 Spells                   Type           Power      Damage    Failure   Level
 Magic Dart               Conj           0%         1d3       98%         1
 Blink                    Tloc           0%         N/A       99%         2
 Call Imp                 Summ           0%         N/A       99%         2
 Ensorcelled Hibernation  Hex/Ice        0%         N/A       99%         2
 Lesser Beckoning         Tloc           0%         N/A       100%        3
 Mephitic Cloud           Conj/Pois/Air  0%         N/A       100%        3
 Tukima's Dance           Hex            0%         N/A       100%        3
 Manifold Assault         Tloc           0%         N/A       100%        5


Dungeon Overview and Level Annotations

Branches:
Dungeon (4/15)
 Temple: D:4-7

Altars:
Elyvilon
Gozag
Nemelex Xobeh

Shops:
D:2 *[


Innate Abilities, Weirdness & Mutations

You are immune to sickness and miasma.
Your stone body is resilient. (AC +4)
You are immune to poison.
You resist negative energy. (rN+)
You are resistant to electric shocks. (rElec)
You are resistant to unholy torment.
You are immune to petrification.
Your skin changes colour to match your surroundings (Stealth+).
You are agile. (Dex +2)
Armour fits poorly on your strangely shaped body.


Message History

The black bear claws you but does no damage.
You barely miss the black bear.
The black bear is moderately wounded.
The black bear bites you but does no damage.
The black bear claws you but does no damage.
The black bear barely misses you.
You closely miss the black bear.
The black bear is moderately wounded.
The black bear bites you.
The black bear claws you but does no damage.
You block the black bear's attack. The black bear bites you!
The black bear closely misses you.
The black bear claws you but does no damage.
You hit the black bear.
The black bear is heavily wounded.
The black bear bites you but does no damage.
The black bear claws you.
The black bear claws you but does no damage.
You closely miss the black bear.
The black bear is heavily wounded.
The black bear bites you but does no damage.
The black bear claws you but does no damage. x2
You hit the black bear.
The black bear is heavily wounded.
The black bear bites you.
* * * LOW HITPOINT WARNING * * *
The black bear barely misses you.
The black bear claws you but does no damage.
You hit the black bear.
The black bear is severely wounded.
The black bear goes berserk!
The black bear barely misses you. The black bear claws you.
* * * LOW HITPOINT WARNING * * *
The black bear barely misses you.
You hit the black bear.
The black bear is severely wounded.
The black bear bites you but does no damage.
The black bear claws you but does no damage.
You block the black bear's attack. The black bear bites you.
You die...

######### #........ #........
#........ #........ #........
##### ###########........ #...#
#.................. #.#.#
#h@########........
#...####)..##............ ###..#
###..#.##......... #..###
##....(.########
##...###......##### #######
#...[............##
##.....#####...............####
##.......###....>...............
#..........................#....


You could see a black bear (berserk).

Vanquished Creatures
  2 phantoms (D:3)
  Jessica (D:3)
  Terence (D:3)
  4 adders
  4 gnolls
  A worm (D:2)
  5 orcs
  7 bats
  6 endoplasms
  A giant cockroach (D:3)
  6 goblins
  3 hobgoblins
  5 jackals
  3 kobolds
  4 quokkas
  6 ball pythons
  6 rats
65 creatures vanquished.

Notes
Turn   | Place    | Note
-------+----------+-------------------------------------------
     0 | D:1      | bande the Gargoyle Fighter began the quest for the Orb.
     0 | D:1      | Reached XP level 1. HP: 14/14 MP: 1/1
   294 | D:1      | Reached XP level 2. HP: 17/19 MP: 2/2
   386 | D:1      | Found a faded altar of an unknown god.
  1348 | D:2      | Reached XP level 3. HP: 23/23 MP: 3/3
  1531 | D:2      | Found Heov's Antique Armour Shoppe.
  1576 | D:2      | Found Douthria's Assorted Antiques.
  2665 | D:3      | Noticed Terence
  2671 | D:3      | Killed Terence
  2672 | D:3      | Reached XP level 4. HP: 14/29 MP: 4/4
  3495 | D:3      | Noticed a phantom
  3520 | D:3      | Killed a phantom
  3521 | D:3      | Reached XP level 5. HP: 12/33 MP: 5/5
  3882 | D:3      | Found an opulent altar of Gozag.
  3910 | D:3      | Noticed a phantom
  3924 | D:3      | Killed a phantom
  3925 | D:3      | Reached XP level 6. HP: 18/38 MP: 6/6
  4522 | D:3      | Noticed Jessica
  4525 | D:3      | Killed Jessica
  4615 | D:3      | Found a sparkling altar of Nemelex Xobeh.
  4622 | D:3      | Found a white marble altar of Elyvilon.
  4690 | D:4      | Gained mutation: Armour fits poorly on your strangely
                  | shaped body. [potion of mutation]
  4690 | D:4      | Gained mutation: You are agile. (Dex +2) [potion of
                  | mutation]
  4690 | D:4      | Gained mutation: Your skin changes colour to match your
                  | surroundings (Stealth+). [potion of mutation]
  4749 | D:4      | Noticed a black bear
  5141 | D:3      | Slain by a black bear

Illustrated notes

Levels and vault maps discovered:
D:1:      sevenhm_arrival_forest_fort_large_2, layout_basic, serial_forest,
          infiniplex_forest_zigzag_1, infiniplex_forest_end_3,
          infiniplex_forest_diagonal, infiniplex_forest_clump_small,
          infiniplex_forest_end_1, infiniplex_forest_straight_3,
          infiniplex_forest_end_2, ebering_ecumenical_altar_box
D:2:      layout_loops_corners, serial_shops, shop, shop,
          minmay_fractal_squares_gapless_5
D:3:      layout_rooms, mainiacjoe_overflow_small_starburst, minitemple,
          kennysheep_jessica_study, uniq_terence
D:4:      layout_basic, nicolae_qazlal_style_of_elements,
          minmay_temple_entry_crystal_x, uniq_eustachio

Skill      XL: |  1  2  3  4  5 |
---------------+----------------+-----
Axes           | 2 3 4 |  4.2
Armour         | 4 |  4.8
Fighting       | 4 |  4.4
Shields        | 4 |  4.2

Action                   |  1- 3 |  4- 6 || total
-------------------------+-------+-------++-------
Melee: War axe           |   121 |   138 ||   259
  Use: Scroll            |     3 |     1 ||     4
       Potion            |       |     1 ||     1
Armor: Scale mail        |    43 |       ||    43
       Chain mail        |    58 |   106 ||   164
Dodge: Dodged            |    66 |    42 ||   108
Block: Buckler           |    35 |    44 ||    79

Table legend: (Time is in decaauts)
 A = Elapsed time spent in this place.
 B = Non-inter-level travel time spent in this place.
 C = Inter-level travel time spent in this place.
 D = Time resting spent in this place.
 E = Time spent auto-exploring this place.
 F = Levels seen in this place.
 G = Mean time per level.
                   A        B        C        D        E       F      G
               +--------+--------+--------+--------+--------+-----+--------+
         Total |   5237 |   5135 |    102 |   1940 |   2443 |   4 | 1309.2 |
       Dungeon |   5237 |   5135 |    102 |   1940 |   2443 |   4 | 1309.2 |
               +--------+--------+--------+--------+--------+-----+--------+

Top non-repeatable levels by time:
     D:2: 2084 daAuts
     D:3: 1878 daAuts
     D:1: 1183 daAuts
     D:4: 91 daAuts
